 Dungeon Crawl Stone Soup version 0.24-a0-789-g35933f4585 (webtiles) character file.

Game seed: 13285707944967743854, levelgen mode: deterministic

4398 Kohma the Arsonist (level 10, 0/85 (86) HPs)
             Began as a Red Draconian Fire Elementalist on Oct 10, 2019.
             Was a Follower of Vehumet.
             Slain by a wraith (8 damage)
             ... on level 9 of the Dungeon.
             The game lasted 00:39:54 (11051 turns).

Kohma the Arsonist (DrFE)                          Turns: 11051, Time: 00:39:55

HP:   0/85 (86)     AC:  7    Str: 12    XL:     10   Next: 13%
MP:   11/19         EV: 14    Int: 18    God:    Vehumet [*.....]
Gold: 375           SH:  3    Dex: 11    Spells: 6/22 levels left

rFire    + . .     SeeInvis .   J - +3 scimitar (holy)
rCold    + . .     Gourm    .   (no shield)
rNeg     . . .     Faith    .   (armour unavailable)
rPois    .         Spirit   .   (helmet restricted)
rElec    .         Reflect  +   A - scarf {repulsion}
rCorr    .         Harm     .   (no gloves)
MR       .....                  (no boots)
Stlth    ++........             y - +3 amulet of reflection
HPRegen  0.24/turn              H - ring of protection from cold
MPRegen  0.16/turn              B - ring of wizardry

@: slowed, repel missiles, very slow
A: breathe fire, unfitting armour, fire resistance 1, cold-blooded, AC +7
a: Breathe Fire, Renounce Religion


You were on level 9 of the Dungeon.
You worshipped Vehumet.
Vehumet was aware of your devotion.
You were not hungry.

You visited 2 branches of the dungeon, and saw 11 of its levels.

You collected 646 gold pieces.
You spent 271 gold pieces at shops.

Inventory:

Hand Weapons
 n - a +1 flail of protection
 J - a +3 scimitar of holy wrath (weapon)
Missiles
 h - 173 arrows
 k - 273 stones
 o - 2 atropa-tipped darts
 x - 65 poisoned darts (quivered)
 F - 3 curare-tipped darts
Armour
 A - a scarf of repulsion (worn)
Jewellery
 y - a +3 amulet of reflection (around neck)
 B - a ring of wizardry (right hand)
 H - a ring of protection from cold (left hand)
 M - an uncursed ring of protection from cold
Wands
 i - a wand of disintegration (16)
 s - a wand of digging (6)
 D - a wand of paralysis (5)
 G - a wand of flame (30)
Scrolls
 e - 5 scrolls of teleportation
 f - 2 scrolls of enchant weapon
 j - a scroll of fear
 m - 5 scrolls of remove curse
 q - 2 scrolls of fog
 w - a scroll of blinking
 E - 3 scrolls of holy word
 I - a scroll of brand weapon {unknown}
 L - a scroll of identify
Potions
 a - 2 potions of haste
 d - 3 potions of might
 g - 2 potions of flight
 l - a potion of lignification
 p - 3 potions of agility
 r - 2 potions of magic
 t - 3 potions of cancellation
 u - 2 potions of mutation
 v - a potion of berserk rage
 z - 2 potions of invisibility
 C - 2 potions of curing
 K - a potion of degeneration {unknown}
Comestibles
 b - 9 rations


   Skills:
 + Level 7.5 Fighting
 + Level 4.9 Dodging
 - Level 1.7 Stealth
 + Level 6.6 Spellcasting
 - Level 5.0 Conjurations
 - Level 2.1 Translocations
 - Level 10.2 Fire Magic


You had 6 spell levels left.
You knew the following spells:

 Your Spells              Type           Power        Failure   Level  Hunger
a - Flame Tongue          Conj/Fire      ####.        1%          1    None
b - Conjure Flame         Conj/Fire      ####....     1%          3    ##.....
c - Throw Flame           Conj/Fire      ####..       1%          2    None
d - Sticky Flame          Conj/Fire      ####....     1%          4    ####...
e - Apportation           Tloc           ##....       1%          1    None
f - Fireball              Conj/Fire      ####......   6%          5    #####..

Your spell library contained the following spells:

 Spells                   Type           Power        Failure   Level  Hunger
 Magic Dart               Conj           ###.         1%          1    None
 Inner Flame              Hex/Fire       ###.....     1%          3    ##.....
 Animate Skeleton         Necr           N/A          4%          1    None
 Confusing Touch          Hex            #.....       4%          1    None
 Summon Small Mammal      Summ           #...         4%          1    None
 Gell's Gravitas          Tloc           ##........   6%          3    ##.....
 Confuse                  Hex            #.......     14%         3    ##.....
 Petrify                  Tmut/Erth      #.......     41%         4    ####...
 Metabolic Englaciation   Hex/Ice        #.........   75%         5    #####..
 Yara's Violent Unravell  Hex/Tmut       #.........   75%         5    #####..


Dungeon Overview and Level Annotations

Branches:
Dungeon (10/15)            Temple (1/1) D:5            Lair (0/6) D:10
    Orc (0/2) D:9

Altars:
Ashenzari
Cheibriados
Dithmenos
Elyvilon
Fedhas
Gozag
Hepliaklqana
Kikubaaqudgha
Makhleb
Nemelex Xobeh
Okawaru
Qazlal
Ru
Sif Muna
Trog
Uskayaw
Vehumet
Wu Jian
Xom
Yredelemnul
Zin
The Shining One
Beogh

Shops:
D:4 *[}?*


Innate Abilities, Weirdness & Mutations

You can breathe blasts of fire.
Your fiery red scales are hard. (AC +7)
You cannot fit into any form of body armour.
Your flesh is heat resistant. (rF+)
You are cold-blooded and may be slowed by cold attacks.


Message History

You feel yourself speed up. The centaur closely misses you.
The centaur misses you. The wraith barely misses you.
The centaur hits you but does no damage.
The centaur misses you.
You riposte.
You barely miss the centaur.
The centaur is lightly wounded.
There is a stone staircase leading up here.
The centaur closely misses you.
You climb upwards.
There is a stone staircase leading down here.
You slash the centaur!
The centaur is heavily wounded.
The centaur hits you!
* * * LOW HITPOINT WARNING * * *
The wraith hits you!
* * * LOW HITPOINT WARNING * * *
The wraith drains your vigour!
You feel yourself slow down.
The centaur hits you but does no damage.
The wraith hits you!
You die...

#..# ######..####
#..# #...........
#..#####.####..####
#........# #..#
##.####### #..# #.#
#..# #.# #..# #W#
#..#
#@##########..####
#.c..>............
##################


You could see a wraith and a centaur.

Vanquished Creatures
  Pikel (D:6)
  Maurice (D:8)
  Psyche (D:10)
  A wyvern (D:8)
  Edmund (D:6)
  A slave (D:5)
  2 orc warriors (D:8)
  3 sky beasts
  A phantom (D:5)
  2 black bears (D:6)
  An ice beast (D:9)
  A necrophage (D:7)
  4 ogres
  2 centaurs
  3 bullfrogs
  3 scorpions (D:7)
  4 wights (D:6)
  2 howler monkeys
  2 crimson imps
  A quasit (D:9)
  5 hounds
  2 jellies
  2 orc priests (D:9)
  2 centaur skeletons
  7 orc wizards
  An iguana (D:4)
  5 worker ants
  4 gnolls (D:7)
  8 adders
  3 shadow imps
  3 worms
  2 dart slugs (D:1)
  2 leopard geckos (D:5)
  15 orcs
  A ball python (D:3)
  4 bats
  3 giant cockroaches
  6 goblins
  6 hobgoblins
  19 jackals
  2 quokkas
  6 frilled lizards
  A jackal zombie (D:7)
  A kobold (D:2)
  12 rats
159 creatures vanquished.

Vanquished Creatures (others)
  A centaur (D:9)
1 creature vanquished.

Grand Total: 160 creatures vanquished

Notes
Turn   | Place    | Note
-------+----------+-------------------------------------------
     0 | D:1      | Kohma the Draconian Fire Elementalist began the quest for
                  | the Orb.
     0 | D:1      | Reached XP level 1. HP: 14/14 MP: 3/3
   596 | D:1      | Reached XP level 2. HP: 22/22 MP: 3/5
   780 | D:1      | Reached skill level 1 in Fighting
  1131 | D:1      | Reached XP level 3. HP: 28/28 MP: 4/6
  1526 | D:2      | Learned a level 3 spell: Conjure Flame
  1529 | D:2      | Learned a level 2 spell: Throw Flame
  2429 | D:3      | Reached XP level 4. HP: 35/35 MP: 2/7
  3003 | D:3      | Found a sacrificial altar of Ru.
  3175 | D:3      | Found a stormy altar of Qazlal.
  3236 | D:3      | Reached skill level 4 in Fire Magic
  3431 | D:3      | Found an iron altar of Okawaru.
  3615 | D:4      | Found Ocvoqedo's Antique Armour Emporium.
  3618 | D:4      | Reached XP level 5. HP: 41/41 MP: 4/8
  3624 | D:4      | Bought a cloak for 121 gold pieces
  3654 | D:4      | Found Sipnif's Gadget Emporium.
  3682 | D:4      | Found Zioveg's Magic Scroll Emporium.
  3693 | D:4      | Found Vitaket's Assorted Antiques.
  3715 | D:4      | Bought a scroll of teleportation for 30 gold pieces
  3837 | D:4      | Reached XP level 6. HP: 26/50 MP: 1/10
  4008 | D:4      | Learned a level 4 spell: Sticky Flame
  4195 | D:4      | Reached skill level 5 in Fire Magic
  4397 | D:4      | Your scales start taking on a fiery red colour.
  4397 | D:4      | Reached skill level 6 in Fire Magic
  4397 | D:4      | Reached XP level 7. HP: 44/57 MP: 2/12
  4397 | D:4      | Gained mutation: Your flesh is heat resistant. (rF+) [Red
                  | Draconian growth]
  4619 | D:4      | Found Guejuguo's General Store.
  4679 | D:4      | Bought a scroll of identify for 20 gold pieces
  4679 | D:4      | Bought a scroll of identify for 20 gold pieces
  4679 | D:4      | Bought 2 scrolls of identify for 40 gold pieces
  4679 | D:4      | Bought a scroll of identify for 20 gold pieces
  4679 | D:4      | Bought a scroll of identify for 20 gold pieces
  4781 | D:5      | Entered Level 5 of the Dungeon
  5353 | D:5      | Learned a level 1 spell: Apportation
  5410 | D:5      | Reached skill level 5 in Conjurations
  5675 | D:5      | Found a staircase to the Ecumenical Temple.
  5688 | Temple   | Entered the Ecumenical Temple
  5746 | Temple   | Became a worshipper of Vehumet
  5832 | D:5      | Reached skill level 1 in Translocations
  6173 | D:5      | Found an ancient bone altar of Kikubaaqudgha.
  6541 | D:6      | You fall into a shaft and drop 1 floor!
  6552 | D:7      | Reached XP level 8. HP: 46/66 MP: 4/14
  6662 | D:7      | Reached skill level 7 in Fire Magic
  7110 | D:6      | Reached skill level 5 in Fighting
  7110 | D:6      | Reached skill level 8 in Fire Magic
  7128 | D:6      | Learned a level 5 spell: Fireball
  7157 | D:6      | Found a bloodstained altar of Trog.
  7377 | D:6      | Noticed Pikel
  7605 | D:6      | Reached skill level 5 in Spellcasting
  7746 | D:6      | Killed Pikel
  7746 | D:6      | Reached skill level 9 in Fire Magic
  7746 | D:6      | Reached XP level 9. HP: 51/75 MP: 3/16
  7911 | D:6      | Noticed Edmund
  7923 | D:6      | Killed Edmund
  8071 | D:6      | Found a snail-covered altar of Cheibriados.
  8246 | D:7      | Found a glowing golden altar of the Shining One.
  8322 | D:7      | Found an opulent altar of Gozag.
  8824 | D:8      | Noticed Maurice
  8836 | D:8      | Killed Maurice
  8836 | D:8      | Reached skill level 10 in Fire Magic
  9327 | D:8      | Reached * piety under Vehumet
  9327 | D:8      | Offered knowledge of Magic Dart by Vehumet.
 10083 | D:9      | Found a shimmering altar of Xom.
 10083 | D:9      | Found a shimmering altar of Xom.
 10085 | D:9      | Found a shimmering altar of Xom.
 10085 | D:9      | Found a shimmering altar of Xom.
 10129 | D:9      | Reached XP level 10. HP: 85/85 MP: 12/19
 10294 | D:9      | Found a staircase to the Orcish Mines.
 10308 | D:9      | Found a roughly hewn altar of Beogh.
 10946 | D:10     | Entered Level 10 of the Dungeon
 11018 | D:10     | Found a staircase to the Lair.
 11030 | D:10     | Noticed Psyche
 11037 | D:10     | Noticed a two-headed ogre
 11040 | D:10     | Killed Psyche
 11051 | D:9      | Slain by a wraith

Levels and vault maps discovered:
D:1:      minmay_arrival_four_circles, layout_basic, st_stairs_6,
          corexii_leaking_fountain, grunt_decor_mini_mirrors
D:2:      layout_rooms
D:3:      layout_loops_cross, nicolae_overflow_crystal_walls,
          old_standard_altar, nicolae_ru_awakened_eye, first_ration,
          kennysheep_generic_room_4
D:4:      layout_cave_pools, serial_shops, shop, shop, shop,
          nicolae_shop_waterfront, shop_coins
D:5:      layout_gridville, overflow_temple_1_default,
          minmay_temple_entry_gardened_gates
D:6:      layout_basic, trog_ov_bears_minmay, basic_altar, uniq_edmund,
          uniq_pikel
D:7:      layout_gridville, nicolae_tso_carved_into_rock, basic_altar
D:8:      layout_cave_pods, uniq_maurice
D:9:      layout_loops_ring, xom_redecorated, minmay_orc_entry_temple_small
D:10:     layout_rooms, lair_entry_dummy, basic_altar, the_bakery,
          hangedman_decor_lopped, dk_yredelemnul_ordeal, uniq_psyche
Temple:   regret_index_temple_waves

Skill      XL: |  1  2  3  4  5  6  7  8  9 |
---------------+----------------------------+-----
Fighting       | 1 2 3 4 5 7 |  7.5
Conjurations   | 2 3 4 5 |  5.0
Fire Magic     | 4 6 9 10 | 10.2
Spellcasting   | 3 4 5 6 |  6.6
Translocations | 2 |  2.1
Dodging        | 3 4 |  4.9
Stealth        | |  1.7

Action                   |  1- 3 |  4- 6 |  7- 9 | 10-12 || total
-------------------------+-------+-------+-------+-------++-------
Melee: Mace              |    34 |    28 |       |       ||    62
       Tailslap          |     2 |     4 |     5 |     3 ||    14
       Flail             |       |    20 |    55 |       ||    75
       Long sword        |       |       |     9 |       ||     9
       Scimitar          |       |       |    54 |    16 ||    70
Throw: Stone             |     7 |     3 |       |       ||    10
       Dart              |       |    13 |    13 |       ||    26
 Cast: Flame Tongue      |    71 |    49 |    18 |       ||   138
       Throw Flame       |     4 |    27 |   101 |    22 ||   154
       Sticky Flame      |       |     2 |    27 |     2 ||    31
       Conjure Flame     |       |     2 |     5 |     2 ||     9
 Abil: Breathe Fire      |       |       |       |     1 ||     1
  Use: Potion            |     2 |       |     1 |       ||     3
       Scroll            |       |    12 |    13 |       ||    25
 Stab: Sleeping          |       |       |     1 |     1 ||     2
  Eat: Chunk             |     6 |     7 |    12 |     2 ||    27
       Ration            |       |       |     4 |     1 ||     5
Armor: Skin              |    26 |    26 |    55 |    14 ||   121
Dodge: Dodged            |    46 |    54 |    76 |    29 ||   205
       Deflected         |       |       |     3 |     7 ||    10
Block: Other             |       |     5 |    25 |     5 ||    35
       Reflection        |       |       |     2 |       ||     2
       Rpst.: Scimitar   |       |       |     4 |     3 ||     7
       Long sword        |       |       |     1 |       ||     1

Table legend:
 A = Non-vault XP
 B = Vault XP
 C = Vault XP percentage of total XP
 D = Non-vault monster count
 E = Vault monster count
 F = Vault count percentage of total count
                 A         B        C        D         E       F
            +---------+---------+-------+---------+---------+-------
      Total |    4134 |    2149 |  34.2 |     144 |      15 |   9.4
            +---------+---------+-------+---------+---------+-------
        D:1 |      44 |       2 |   4.3 |      25 |       1 |   3.8
        D:2 |      30 |       0 |   0.0 |      10 |       0 |   0.0
        D:3 |      78 |       1 |   1.3 |      21 |       1 |   4.5
        D:4 |     611 |       0 |   0.0 |      19 |       0 |   0.0
        D:5 |     605 |       0 |   0.0 |      16 |       0 |   0.0
        D:6 |     325 |    1084 |  76.9 |       7 |       4 |  36.4
        D:7 |     756 |       0 |   0.0 |      12 |       0 |   0.0
        D:8 |    1067 |     508 |  32.3 |      21 |       1 |   4.5
        D:9 |     618 |     136 |  18.0 |      13 |       7 |  35.0
       D:10 |       0 |     418 | 100.0 |       0 |       1 | 100.0
            +---------+---------+-------+---------+---------+-------
